 Dungeon Crawl Stone Soup version 0.26.0-16-gc1dbca0489 (webtiles) character file.

Game seed: 5591534933013499260

410 Marvel the Cleaver (level 6, -4/56 HPs)
             Began as a Hill Orc Fighter on Jan 21, 2021.
             Was an Initiate of Okawaru.
             Slain by a gnoll
             ... wielding a +0 spear
              (5 damage)
             ... on level 4 of the Dungeon.
             The game lasted 00:05:53 (3635 turns).

Marvel the Cleaver (Hill Orc Fighter)               Turns: 3635, Time: 00:05:54

Health: -4/56      AC:  6    Str: 21    XL:     6   Next: 89%
Magic:  6/6        EV:  7    Int:  8    God:    Okawaru [......]
Gold:   179        SH: 14    Dex: 10    Spells: 5/5 levels left

rFire    . . .     SeeInvis .   a - +0 war axe
rCold    . . .     Faith    .   e - +0 kite shield (curse)
rNeg     . . .     Spirit   .   b - +0 scale mail
rPois    .         Reflect  +   (no helmet)
rElec    .         Harm     .   (no cloak)
rCorr    .         Rampage  .   (no gloves)
Will     .....                  (no boots)
Stlth    ..........             i - amulet of reflection
HPRegen  0.18/turn              (no ring)
MPRegen  0.10/turn              (no ring)

@: mighty, flying
A: no striking features
a: Renounce Religion


You were on level 4 of the Dungeon.
You worshipped Okawaru.
Okawaru was noncommittal.
You visited 1 branch of the dungeon, and saw 4 of its levels.

You collected 179 gold pieces.

Inventory:

Hand Weapons
 a - a +0 war axe (weapon)
Missiles
 o - 6 javelins (quivered)
Armour
 b - a +0 scale mail (worn)
 e - a cursed +0 kite shield (worn)
Jewellery
 i - an amulet of reflection (around neck)
Scrolls
 c - 5 scrolls of remove curse {unknown}
 f - 2 scrolls of amnesia {unknown}
 g - 4 scrolls of identify {unknown}
 h - a scroll of enchant weapon {unknown}
 l - 2 scrolls of fear {unknown}
 m - 3 scrolls of teleportation {unknown}
Potions
 d - a potion of might
 k - a potion of attraction {unknown}
 n - a potion of lignification {unknown}
 p - a potion of berserk rage {unknown}
 q - 2 potions of degeneration {unknown}


   Skills:
 + Level 5.5 Fighting
 + Level 8.1 Axes
 + Level 0.1 Throwing
 - Level 3.3 Armour
 - Level 3.3 Shields


You had 5 spell levels left.
You didn't know any spells.
Your spell library was empty.

Dungeon Overview and Level Annotations

Branches:
Dungeon (4/15)
 Temple: D:4-7

Altars:
Nemelex Xobeh
Okawaru
Xom


Message History

* * * LOW HITPOINT WARNING * * *
The gnoll shaman splashes around in the water.
The gnoll hits you with a +0 whip.
* * * LOW HITPOINT WARNING * * *
You slash the gnoll shaman!
The gnoll shaman is severely wounded.
You hit the gnoll. You block the gnoll's attack. x2
The gnoll hits you with a +0 whip.
* * * LOW HITPOINT WARNING * * *
The gnoll hits you from afar with a cursed -2 spear.
* * * LOW HITPOINT WARNING * * *
The gnoll shaman hits you with a +0 club.
* * * LOW HITPOINT WARNING * * *
You block the gnoll's attack.
It was a potion of flight.
You feel very buoyant.
You fly up into the air.
The gnoll hits you with a +0 whip.
* * * LOW HITPOINT WARNING * * *
The gnoll hits you from afar with a +0 spear.
You die...

#....# ##..... #
...###########...#.#
..
.................###
...
...###⌠###.....##
.... ##.#.≈.#######
..... ##._^.♣_.##
.....g#g.≈≈..≈^.###
.....g⌠@..^_#≈._⌠.#
.....g#g.#^_.^♣≈#.#
## .....
###^#..≈♣##.#####.
#...
##...^≈###.[[....
##. ###⌠###<...)....
#. ..........)[....
# ................
................
#...............


You could see a gnoll shaman and 4 gnolls.

Vanquished Creatures
  An orc priest (D:4)
  2 orc wizards (D:4)
  Jessica (D:2)
  Terence (D:2)
  2 iguanas (D:4)
  A worker ant (D:4)
  A hound skeleton (D:4)
  5 adders
  4 gnolls (D:3)
  An ooze (D:1)
  2 worms
  5 dart slugs
  A leopard gecko (D:3)
  3 orcs
  5 giant cockroaches
  8 goblins
  12 hobgoblins
  6 jackals (D:2)
  2 quokkas (D:3)
  2 ball pythons (D:2)
  10 bats
  7 frilled lizards
  8 kobolds
  A quokka skeleton (D:4)
  3 rats
94 creatures vanquished.

Notes
Turn   | Place    | Note
-------+----------+-------------------------------------------
     0 | D:1      | Marvel the Hill Orc Fighter began the quest for the Orb.
     0 | D:1      | Reached XP level 1. HP: 19/19 MP: 1/1
    90 | D:1      | Reached skill level 3 in Axes
   138 | D:1      | Reached XP level 2. HP: 25/27 MP: 2/2
   498 | D:1      | Reached XP level 3. HP: 31/34 MP: 3/3
   791 | D:1      | Reached skill level 4 in Axes
   986 | D:2      | Found a sparkling altar of Nemelex Xobeh.
  1230 | D:2      | Noticed Jessica
  1240 | D:2      | Killed Jessica
  1241 | D:2      | Reached skill level 5 in Axes
  1241 | D:2      | Reached XP level 4. HP: 41/41 MP: 4/4
  1280 | D:2      | Noticed Terence
  1294 | D:2      | Killed Terence
  1436 | D:2      | Reached XP level 5. HP: 47/47 MP: 5/5
  1594 | D:2      | Found an iron altar of Okawaru.
  1686 | D:2      | Became a worshipper of Warmaster Okawaru
  1826 | D:3      | Reached skill level 6 in Axes
  2216 | D:3      | Reached skill level 5 in Fighting
  2356 | D:3      | Reached XP level 6. HP: 49/56 MP: 6/6
  2749 | D:3      | Reached skill level 7 in Axes
  3245 | D:4      | Reached skill level 8 in Axes
  3615 | D:4      | Found a shimmering altar of Xom.
  3616 | D:4      | Found a shimmering altar of Xom.
  3616 | D:4      | Found a shimmering altar of Xom.
  3617 | D:4      | Found a shimmering altar of Xom.
  3617 | D:4      | Found a shimmering altar of Xom.
  3635 | D:4      | HP: 1/56 [gnoll/+0 whip (2)]
  3635 | D:4      | Slain by a gnoll

Illustrated notes

Levels and vault maps discovered:
D:1:      heliophobic_arrival_glass_houses, layout_loops_ring
D:2:      layout_loops_cross, nemelex_xobeh_ov_fountains_minmay,
          lemuel_coloured_pillars_altar, grunt_ministairs_11, solitary_fountain,
          hangedman_decor_growths, minmay_octomino_c4, uniq_terence,
          uniq_jessica
D:3:      layout_loops_corners, kennysheep_generic_room_12
D:4:      layout_layer_cave, xom_redecorated, okawaru_altar_gauntlet_db

Skill      XL: |  1  2  3  4  5  6 |
---------------+-------------------+-----
Fighting       | 4 5 |  5.5
Axes           | 3 5 6 8 |  8.1
Throwing       | |  0.1
Armour         | |  3.3
Shields        | |  3.3

Action                   |  1- 3 |  4- 6 || total
-------------------------+-------+-------++-------
Melee: War axe           |   122 |   201 ||   323
Throw: Javelin           |       |     8 ||     8
  Use: Potion            |       |     2 ||     2
Armor: Scale mail        |    80 |    57 ||   137
Dodge: Dodged            |    38 |    30 ||    68
Block: Kite shield       |   103 |   148 ||   251
       Reflection        |       |     2 ||     2
